 Dungeon Crawl Stone Soup version 0.31-a0-977-gc230f8ef24 (webtiles) character file.

Game seed: 12877253050453985579

46 BinkBink the Shield-Bearer (level 3, -1/36 HPs)
             Began as a Troll Fighter on Oct 29, 2023.
             Slain by a gnoll
             ... wielding a +0 halberd
              (10 damage)
             ... on level 2 of the Dungeon.
             The game lasted 00:01:16 (566 turns).

BinkBink the Shield-Bearer (Troll Fighter)           Turns: 566, Time: 00:01:16

Health: -1/36      AC:  4    Str: 24    XL:     3   Next: 46%
Magic:  2/2        EV:  9    Int:  4    God:
Gold:   59         SH:  8    Dex: 11    Spells: 2/2 levels left

rFire   . .          .
                       - Unarmed
rCold   . . .        b - +0 kite shield
rNeg    . . .        a - +0 robe
rPois   .            (helmet restricted)
rElec   .            j - scarf {repulsion}
rCorr   .            (gloves unavailable)
SInv    .            (boots unavailable)
Will    .....        (no amulet)
Stlth   +            (no ring)
HPRegen 1.06/turn    (no ring)
MPRegen 0.08/turn

%: repel missiles
@: no status effects
A: large, unfitting armour, claws 3, regeneration 1, shaggy fur 1, tough skin 1
a: no special abilities


You were on level 2 of the Dungeon.
You visited 1 branch of the dungeon, and saw 2 of its levels.

You collected 59 gold pieces.

Inventory:

Armour
 a - a +0 robe (worn)
 b - a +0 kite shield (worn)
 j - a scarf of repulsion (worn)
Scrolls
 d - a scroll of teleportation {unknown}
 e - a scroll of identify {unknown}
 g - a scroll of silence {unknown}
 k - a scroll of revelation {unknown}
Potions
 c - a potion of might
 f - a potion of heal wounds {unknown}
 h - a potion of enlightenment {unknown}
 i - a potion of berserk rage {unknown}


   Skills:
 * Level 2.9 Fighting
 + Level 2.6 Dodging
 + Level 3.0 Shields
 * Level 2.8 Unarmed Combat


You had 2 spell levels left.
You didn't know any spells.
Your spell library was empty.

Dungeon Overview and Level Annotations

Branches:
Dungeon (2/15)

Altars:
Vehumet


Innate Abilities, Weirdness & Mutations

You are too large for most types of armour.
You have claws for hands.
Your natural rate of healing is unusually fast.
You are covered in fur. (AC +1)
You have tough skin. (AC +1)


Message History

You kill the bat!
You barely miss the kobold. You block the kobold's attack.
You claw the kobold!
You kill the kobold!
Your Shields skill increases to level 3!
You claw the rat!
You kill the rat!
The gnoll hits you with a +0 club. The gnoll barely misses you.
Things that are here:
a +0 short sword; a rat corpse; a bat corpse You claw the gnoll!
The gnoll is severely wounded.
You block the gnoll's attack. x2
You scratch the gnoll.
The gnoll is almost dead.
The gnoll misses you. You block the gnoll's attack.
You scratch the gnoll.
The gnoll is almost dead.
You block the gnoll's attack.
The gnoll hits you from afar with a +0 halberd!
The gnoll hits you but does no damage.
You claw the gnoll!
You kill the gnoll!
You block the gnoll's attack.
The gnoll hits you from afar with a +0 halberd.
The kobold attacks as it pursues you! You block the kobold's attack.
You scratch the kobold.
The kobold is moderately wounded.
The gnoll closely misses you. The kobold hits you but does no damage.
You scratch the kobold.
You kill the kobold!
The gnoll hits you from afar with a +0 halberd!
The gnoll hits you from afar with a +0 spear!
You block the gnoll's attack.
Items here: )) †††.
You barely miss the gnoll.
The gnoll hits you from afar with a +0 spear.
* * * LOW HITPOINT WARNING * * *
The gnoll hits you with a +0 halberd!
You die...

....... #... ......
....... ##.###..#...
#...... #..?........
##.....##...........
.......(..K.Kgg.....
#.......##.######...
#.......#..# ..
#..........######....
##.....#..gg@........
##...##.#########..#
#.## #.### #.# ..
#...### ##.# #### #.
###...####..# #.## #
###...##..#######.#.
#...)†............
#....⌠.⌠###.......
#.......# #.......


You could see 2 gnolls.

Vanquished Creatures
  A gnoll (D:2)
  A worm (D:2)
  2 dart slugs (D:1)
  6 bats
  4 endoplasms (D:1)
  3 goblins
  2 hobgoblins
  3 kobolds
  A quokka (D:1)
  2 ball pythons (D:2)
  A frilled lizard (D:1)
  3 rats
29 creatures vanquished.

Notes
Turn   | Place    | Note
-------+----------+-------------------------------------------
     0 | D:1      | BinkBink the Troll Fighter began the quest for the Orb.
     0 | D:1      | Reached XP level 1. HP: 22/22 MP: 0/0
   107 | D:1      | Reached XP level 2. HP: 29/29 MP: 1/1
   495 | D:2      | Found a faded altar of an unknown god.
   502 | D:2      | Reached XP level 3. HP: 36/36 MP: 2/2
   511 | D:2      | Prayed at the altar of an unknown god.
   511 | D:2      | Became a worshipper of Vehumet
   511 | D:2      | Reached * piety under Vehumet
   511 | D:2      | Offered knowledge of Foxfire by Vehumet.
   525 | D:2      | Fell from the grace of Vehumet
   556 | D:2      | Reached skill level 3 in Shields
   566 | D:2      | Slain by a gnoll

Illustrated notes

Levels and vault maps discovered:
D:1:      nicolae_arrival_memento_mori, layout_rooms
D:2:      layout_rooms, hellmonk_ecumenical_altar_run_dry, dk_vineyard_2

Skill      XL: |  1  2  3 |
---------------+----------+-----
Shields        | 3 |  3.0
Fighting       | |  2.9
Dodging        | |  2.6
Unarmed Combat | |  2.8

Action                     || total
---------------------------++-------
  Melee: Unarmed           ||    77
 Invoke: Renounce Religion ||     1
 Armour: Robe              ||    57
  Dodge: Dodged            ||    32
  Block: Kite shield       ||    38

Table legend: (Time is in decaauts)
 A = Elapsed time spent in this place.
 B = Non-inter-level travel time spent in this place.
 C = Inter-level travel time spent in this place.
 D = Time resting spent in this place.
 E = Time spent auto-exploring this place.
 F = Levels seen in this place.
 G = Mean time per level.
                   A        B        C        D        E       F      G
               +--------+--------+--------+--------+--------+-----+--------+
         Total |    570 |    565 |      5 |      0 |    379 |   2 |  285.0 |
       Dungeon |    570 |    565 |      5 |      0 |    379 |   2 |  285.0 |
               +--------+--------+--------+--------+--------+-----+--------+

Top non-repeatable levels by time:
     D:1: 405 daAuts
     D:2: 165 daAuts
